Map: Distant Plane

Players

LethalSniper - Winner!

  • Race: Terran Terran

Tenonee - Winner!

  • Race: Zerg Zerg
  • League: Diamond

Equity

  • Race: Protoss Protoss
  • League: Diamond

Darkness

  • Race: Terran Terran

VOD

Have the link to the VOD?

Description

Time

  • Played on: July 29, 2016, 7:06 a.m.
  • Length: 10:18
Show
View Real Time Build Order
Export as new Build Order

LethalSniper Terran - Winner!

Build Orders: MMM Bio 

Get SALT Encoding   

  12  0:00  SCV  
  13  0:16  SCV  
  13  0:18  Supply Depot  
  14  0:28  SCV  
  14  0:31  Refinery  
  15  0:41  SCV  
  16  0:46  Barracks  
  16  0:55  SCV  
  17  1:07  SCV  
  18  1:19  SCV  
  19  1:34  Marine  
  20  1:45  Orbital Command  
  20  1:46  Command Center  
  20  1:57  Factory  
  20  2:02  Marine  
  21  2:15  Supply Depot, SCV  
  22  2:19  Marine  
  23  2:36  SCV  
  24  2:43  Marine  
  25  2:45  Starport  
  25  2:50  SCV  
  26  3:01  Marine  
  26  3:03  Factory Tech Lab  
  27  3:06  SCV  
  27  3:09  Orbital Command  
  28  3:19  SCV  
  29  3:27  Medivac  
  29  3:29  Marine  
  29  3:32  SCV  
  33  3:38  SCV  
  34  3:42  Supply Depot  
  34  3:44  SCV  
  34  3:46  Engineering Bay, Marine  
  36  3:50  SCV  
  37  3:56  SCV  
  37  3:57  Barracks  
  38  4:03  SCV  
  38  4:08  SCV  
  40  4:13  Factory Reactor  
  40  4:15  SCV  
  41  4:20  SCV  
  41  4:21  Barracks  
  41  4:22  Barracks x2, Marine  
  43  4:26  Stimpack  
  43  4:27  SCV  
  44  4:32  SCV  
  45  4:39  Supply Depot, SCV  
  45  4:41  Marine  
  45  4:44  SCV  
  48  4:48  Marine  
  48  4:51  SCV  
  50  4:56  SCV  
  50  4:59  Marine  
  52  5:03  SCV  
  52  5:05  Marine  
  54  5:09  SCV  
  54  5:10  Marine x2  
  58  5:15  Factory Reactor, SCV  
  58  5:17  Marine  
  58  5:19  Refinery  
  58  5:21  Supply Depot, SCV  
  61  5:22  Barracks Reactor  
  61  5:25  Barracks Reactor  
  61  5:27  Terran Infantry Weapons Level 1, SCV  
  61  5:28  Marine  
  61  5:30  Refinery  
  61  5:32  Marine  
  61  5:33  SCV  
  63  5:37  Marine  
  63  5:39  SCV  
  63  5:45  SCV  
  63  5:46  Marine  
  65  5:51  SCV  
  65  5:55  Supply Depot, Barracks Reactor, Marine  
  67  5:58  Supply Depot  
  67  6:04  Marine  
  67  6:06  Medivac  
  70  6:13  Marine  
  70  6:14  Refinery  
  70  6:16  Marine  
  70  6:17  Supply Depot  
  72  6:18  Marine x3  
  72  6:19  SCV x2  
  78  6:28  Medivac  
  78  6:31  Marine, SCV  
  78  6:32  SCV  
  83  6:34  Marine  
  83  6:36  Marine  
  84  6:41  Supply Depot x2  
  84  6:42  Marine  
  84  6:43  Marine, SCV  
  84  6:45  SCV  
  84  6:46  Marine x2  
  90  6:47  Marine x2  
  90  6:49  Marine  
  90  6:50  Command Center  
  93  6:56  SCV  
  93  6:57  SCV  
  93  7:00  Marine  
  96  7:07  Marine, Marauder  
  96  7:08  SCV  
  100  7:09  SCV  
  100  7:10  Marine  
  102  7:16  Marine  
  102  7:19  Medivac  
  102  7:20  Combat Shields, SCV  
  102  7:21  Marine, Supply Depot, Medivac, SCV  
  110  7:34  Marine x2  
  110  7:36  Marine, SCV  
  114  7:39  SCV  
  114  7:43  Marine  
  116  7:45  Marine  
  116  7:46  Marine  
  118  7:56  Terran Infantry Armor Level 1  
  118  8:01  Armory  
  118  8:02  Engineering Bay, Marine  
  118  8:05  Marine, SCV  
  120  8:06  Marine  
  120  8:07  SCV  
  120  8:12  Marine  
  124  8:13  Marine  
  124  8:14  Marine, Medivac  
  128  8:20  Marine  
  127  8:29  Marine  
  127  8:30  Marine x2  
  127  8:31  Marine, SCV  
  120  8:38  Marine  
  120  8:40  Supply Depot  
  118  8:42  Marine  
  118  8:44  Marine  
  118  8:46  SCV  
  120  8:49  Marine  
  120  8:50  SCV  
  120  8:52  SCV  
  120  8:54  Marine  
  124  9:00  Marine  
  124  9:01  Marine  
  112  9:05  Marine  
  112  9:08  Marine  
  112  9:09  Marauder  
  115  9:10  Marine x3  
  115  9:11  Medivac x2  
  115  9:15  SCV  
  123  9:19  Marine  
  123  9:22  Marine  
  123  9:23  Marine  
  116  9:24  SCV  
  116  9:25  Marine  
  116  9:26  Marine  
  116  9:28  Marine x2  
  116  9:30  Marine  
  111  9:37  Marine  
  108  9:38  Marine  
  108  9:40  Marine  
  108  9:41  Marine  
  108  9:44  Marine  
  111  9:46  Marine x2  
  111  9:50  Marine  
  114  9:56  Marine  
  117  10:07  Refinery  
  117  10:09  Refinery  
  117  10:10  Barracks x2  
  118  10:14  Supply Depot, Barracks  
Show
View Real Time Build Order
Export as new Build Order

Tenonee Zerg - Winner!

Build Orders: Hatch First 

Get SALT Encoding   

  12  0:01  Drone  
  13  0:14  Overlord  
  13  0:18  Drone  
  14  0:32  Drone x2  
  16  0:39  Drone  
  17  0:48  Drone  
  18  1:05  Hatchery  
  18  1:09  Drone x2  
  19  1:12  Extractor  
  18  1:22  Spawning Pool  
  17  1:29  Drone  
  18  1:32  Overlord  
  18  1:47  Drone  
  19  1:59  Drone  
  20  2:11  Metabolic Boost  
  20  2:13  Queen  
  21  2:18  Queen  
  23  2:30  Drone x2  
  23  2:31  Drone  
  23  2:33  Zergling x4  
  28  2:43  Zergling x4  
  30  2:57  Queen  
  31  2:59  Queen  
  33  3:16  Overlord  
  32  3:27  Drone x2  
  32  3:28  Drone x2, Roach Warren  
  32  3:32  Overlord  
  35  3:54  Drone x3  
  37  4:00  Drone x2  
  37  4:01  Drone  
  40  4:07  Overlord  
  40  4:08  Overlord  
  40  4:15  Drone x3  
  43  4:18  Extractor  
  43  4:20  Extractor  
  43  4:21  Extractor  
  40  4:27  Drone x4  
  40  4:29  Evolution Chamber  
  40  4:31  Lair  
  43  4:57  Zerg Ground Armor Level 1  
  43  4:58  Drone x5  
  43  4:59  Drone x4  
  52  5:15  Roach  
  52  5:16  Roach x3  
  56  5:25  Hatchery  
  52  5:40  Glial Reconstitution  
  52  5:59  Drone  
  52  6:00  Drone x4  
  52  6:02  Overlord x3  
  57  6:10  Overlord  
  57  6:11  Overlord  
  57  6:14  Ravager x3  
  60  6:34  Roach  
  60  6:35  Roach x6  
  68  7:01  Roach x5  
  74  7:02  Roach x4  
  74  7:06  Extractor  
  74  7:08  Extractor  
  82  7:09  Queen  
  82  7:10  Queen x2  
  88  7:16  Drone x2  
  88  7:17  Drone x2  
  92  7:34  Spore Crawler  
  91  7:43  Roach x6  
  91  7:44  Roach  
  105  7:45  Overlord x2  
  105  7:51  Spore Crawler  
  105  7:53  Overlord  
  104  7:58  Spore Crawler  
  91  8:17  Roach  
  91  8:18  Roach x7  
  89  8:33  Roach x2  
  89  8:34  Roach x4  
  54  8:57  Roach x2  
  54  8:58  Roach x2  
  51  9:12  Roach x3  
  55  9:26  Roach x4  
  55  9:27  Roach  
Show
View Real Time Build Order
Export as new Build Order

Equity Protoss 

Build Orders: 1 Gate Expand 

Get SALT Encoding   

  12  0:01  Probe (Chrono Boost)  
  13  0:12  Probe (Chrono Boost)  
  14  0:20  Pylon  
  14  0:23  Probe (Chrono Boost)  
  15  0:38  Probe (Chrono Boost)  
  16  0:45  Gateway  
  16  0:48  Probe (Chrono Boost)  
  17  0:59  Probe (Chrono Boost)  
  18  1:10  Probe (Chrono Boost)  
  19  1:20  Probe (Chrono Boost)  
  19  1:23  Nexus  
  21  1:37  Cybernetics Core  
  21  1:38  Probe (Chrono Boost)  
  21  1:47  Assimilator  
  21  1:49  Probe (Chrono Boost), Assimilator  
  22  1:57  Pylon  
  22  2:02  Probe (Chrono Boost)  
  23  2:16  Probe (Chrono Boost)  
  24  2:27  Adept  
  24  2:28  Probe (Chrono Boost)  
  26  2:36  Probe (Chrono Boost)  
  27  2:38  Probe (Chrono Boost)  
  27  2:44  Robotics Facility  
  28  2:49  Probe (Chrono Boost)  
  28  2:51  Probe (Chrono Boost)  
  30  2:56  Adept  
  30  2:57  Warp Gate  
  32  3:00  Probe (Chrono Boost)  
  32  3:01  Probe (Chrono Boost)  
  34  3:10  Probe (Chrono Boost)  
  34  3:12  Probe (Chrono Boost)  
  36  3:21  Probe (Chrono Boost)  
  36  3:23  Adept, Mothership Core (Chrono Boost)  
  41  3:28  Pylon  
  41  3:30  Pylon  
  41  3:37  Probe (Chrono Boost)  
  42  3:42  Warp Prism  
  42  3:45  Twilight Council  
  44  3:50  Probe (Chrono Boost)  
  44  3:51  Probe (Chrono Boost)  
  44  3:53  Gateway  
  48  3:55  Adept  
  48  4:03  Gateway  
  48  4:06  Probe (Chrono Boost)  
  48  4:07  Probe (Chrono Boost)  
  50  4:17  Assimilator  
  50  4:18  Probe (Chrono Boost)  
  50  4:19  Assimilator  
  51  4:27  Charge  
  51  4:32  Observer  
  51  4:34  Probe x2 (Chrono Boost)  
  54  4:45  Probe x2 (Chrono Boost)  
  56  4:49  Pylon  
  53  5:01  Immortal  
  57  5:28  Zealot x3  
  63  5:30  Pylon  
  63  5:33  Pylon  
  57  5:44  Probe (Chrono Boost)  
  57  5:45  Immortal  
  60  5:52  Probe (Chrono Boost), Gateway  
  60  5:54  Probe (Chrono Boost)  
  60  5:55  Gateway  
  62  6:04  Probe (Chrono Boost)  
  63  6:06  Zealot x3  
  69  6:15  Resonating Glaives  
  69  6:26  Probe (Chrono Boost)  
  69  6:27  Probe (Chrono Boost)  
  71  6:34  Immortal  
  76  6:40  Probe (Chrono Boost)  
  76  6:47  Zealot x3  
  76  6:49  Probe (Chrono Boost)  
  76  6:50  Probe (Chrono Boost)  
  76  6:53  Robotics Facility  
  84  6:55  Nexus  
  84  6:58  Pylon  
  84  7:09  Pylon  
  84  7:13  Pylon  
  84  7:15  Probe x2 (Chrono Boost)  
  86  7:18  Immortal  
  90  7:32  Probe x2 (Chrono Boost)  
  90  7:34  Templar Archives  
  92  7:38  Forge  
  92  7:40  Forge  
  92  7:41  Zealot x2  
  92  7:42  Sentry  
  98  7:47  Probe (Chrono Boost)  
  98  7:48  Probe (Chrono Boost)  
  100  7:51  Pylon  
  87  8:13  Zealot x2  
  87  8:14  Zealot x3  
  70  8:24  Probe x2 (Chrono Boost)  
  70  8:26  Immortal x2  
  80  8:30  Probe (Chrono Boost)  
  74  8:34  Probe (Chrono Boost)  
  64  8:45  High Templar x2  
  64  8:46  High Templar x2  
  64  8:47  Zealot  
  71  8:54  Probe (Chrono Boost)  
  52  8:56  Archon x2  
  52  8:57  Probe (Chrono Boost)  
  22  9:38  Probe x2 (Chrono Boost)  
Show
View Real Time Build Order
Export as new Build Order

Darkness Terran 

Build Orders: Reaper Expand, MMM Bio 

Get SALT Encoding   

  12  0:02  SCV  
  13  0:14  SCV  
  13  0:19  Supply Depot  
  14  0:27  SCV  
  15  0:41  SCV  
  16  0:43  Barracks  
  16  0:47  Refinery  
  16  0:53  SCV  
  17  1:05  SCV  
  18  1:17  SCV  
  19  1:32  Reaper, Orbital Command  
  20  1:50  Supply Depot  
  20  1:53  Command Center  
  20  1:58  SCV  
  21  2:11  Barracks  
  21  2:15  Factory  
  21  2:29  Barracks  
  21  2:31  Marine  
  22  2:41  Supply Depot  
  22  2:42  Refinery  
  22  2:46  SCV  
  22  2:50  Marine  
  24  2:59  Barracks Tech Lab  
  24  3:06  Starport, Orbital Command  
  24  3:12  SCV  
  25  3:17  Marine  
  26  3:21  Marine  
  26  3:24  Marine  
  27  3:31  Bunker  
  27  3:35  Orbital Command  
  27  3:38  Marine  
  27  3:40  Marine  
  26  3:44  Marine  
  27  3:52  Stimpack  
  27  3:56  Marine, SCV  
  27  3:58  Marine  
  27  4:02  Marine  
  31  4:07  Widow Mine  
  33  4:14  Marine  
  33  4:15  SCV  
  33  4:16  SCV  
  36  4:20  Marine  
  37  4:25  Marine  
  37  4:27  SCV  
  39  4:33  Bunker  
  39  4:34  Engineering Bay  
  39  4:37  Medivac  
  41  4:40  SCV  
  41  4:41  SCV  
  41  4:44  Marine  
  44  4:51  Marine  
  44  4:52  SCV  
  46  4:56  SCV  
  46  4:57  Marine  
  48  5:00  Factory Tech Lab  
  48  5:07  SCV  
  48  5:09  Supply Depot, SCV  
  48  5:11  Barracks Reactor  
  48  5:12  Starport Reactor  
  50  5:16  Missile Turret  
  50  5:18  Missile Turret  
  50  5:23  Widow Mine  
  50  5:27  Terran Infantry Weapons Level 1  
  52  5:29  Supply Depot  
  52  5:30  Supply Depot, Marine  
  53  5:36  Marine, SCV x2  
  56  5:48  Marine, SCV  
  56  5:49  Marine  
  58  5:53  Combat Shields, Engineering Bay, Marine  
  58  5:54  Marine  
  61  6:00  SCV  
  61  6:02  SCV  
  61  6:03  Medivac  
  65  6:05  Marine  
  66  6:12  Supply Depot, Siege Tank, SCV  
  66  6:14  SCV  
  71  6:18  Marine  
  71  6:24  SCV  
  73  6:26  Marine, SCV  
  73  6:27  Marine  
  73  6:32  Barracks  
  76  6:36  Barracks  
  76  6:38  Medivac  
  78  6:43  Terran Infantry Armor Level 1, Supply Depot  
  78  6:44  Supply Depot  
  78  6:45  Marine  
  79  6:54  Marine  
  78  7:07  Marine x2  
  72  7:09  Siege Tank  
  72  7:10  Medivac x2  
  79  7:16  Marine  
  79  7:17  Marine  
  79  7:20  SCV  
  82  7:24  Command Center  
  82  7:26  SCV  
  82  7:28  Armory  
  83  7:36  Marine  
  84  7:40  Marine x2  
  84  7:41  Barracks Reactor x2  
  84  7:42  Barracks  
  86  7:45  SCV x2  
  86  7:48  Marine  
  89  7:54  Marine  
  89  7:57  SCV x2  
  89  7:58  Marine  
  93  7:59  Marine  
  94  8:08  Marine  
  94  8:12  Marine  
  96  8:16  Marine  
  96  8:17  Marine x2  
  99  8:20  Marine  
  99  8:22  Marine  
  99  8:24  Marine  
  99  8:26  Marine  
  100  8:30  Marine  
  100  8:33  Marine  
  89  8:35  Marine x2  
  89  8:38  Marine  
  85  8:42  Marine x3  
  85  8:44  Marine  
  78  8:50  Marine  
  79  9:00  Barracks  
  79  9:01  Barracks  
  79  9:02  Barracks x2  
  74  9:03  Barracks  
  74  9:04  Marine  
  74  9:05  Marine x2  
  74  9:06  Marine  
  74  9:08  Planetary Fortress  
  67  9:26  Marine x4  
  67  9:27  Marine  
  69  9:42  Marine  
  69  9:45  Marine  
  71  9:50  Marine  
  50  9:56  Marine  
  54  10:00  Marine  
Tags
 
Add a new tag
Caveats
  • Supply blocks, unpowered buildings, or Contaminate may cause inaccurate times.
  • Supply counts are checked every 10 seconds.